 Dungeon Sprint DCSS version 0.31-a0-750-gfe7b580527 (webtiles) character file.

Game seed: 12960930812174956509

861 rocky1 the Fighter (level 8, -19/98 HPs)
             Began as an Ogre Berserker on Sept 14, 2023.
             Was an Elder of Trog.
             Shot with an arrow by a centaur warrior (24 damage)
             ... in the Dungeon (Sprint IX: "|||||||||||||||||||||||||||||").
             The game lasted 00:04:36 (1643 turns).

rocky1 the Fighter (Ogre Berserker)                 Turns: 1643, Time: 00:04:37

Health: -19/98     AC:  4    Str: 27    XL:     8   Next: 2%
Magic:  8/8        EV: 13    Int:  8    God:    Trog [****..]
Gold:   0          SH:  0    Dex:  8    Spells: 7/7 levels left

rFire   . . .        k - +2 morningstar (protect)
rCold   . . .        (no shield)
rNeg    . . .        b - +0 animal skin
rPois   .            (helmet restricted)
rElec   .            l - +0 cloak
rCorr   .            (gloves unavailable)
SInv    .            (boots unavailable)
Will    ++...        (no amulet)
Stlth   +            n - +2 ring of evasion
HPRegen 1.36/turn    m - +3 ring of strength
MPRegen 0.11/turn

%: no teleportation
@: strong-willed (expiring), on berserk cooldown, regenerating (expiring),
slowed, invisible, very slow
A: large, unfitting armour, tough skin 1
a: Renounce Religion, Berserk, Trog's Hand, Brothers in Arms


You were in the Dungeon.
You worshipped Trog.
Trog was greatly pleased with you.
You visited 1 branch

Inventory:

Hand Weapons
 a - a +0 mace
 k - a +2 morningstar of protection (weapon)
Armour
 b - a +0 animal skin (worn)
 l - a +0 cloak (worn)
Jewellery
 m - a +3 ring of strength (right hand)
 n - a +2 ring of evasion (left hand)
Wands
 j - a wand of acid (2)
Potions
 c - 3 potions of curing
 e - a potion of haste
 f - 4 potions of magic
 g - a potion of berserk rage


   Skills:
 + Level 11.8 Fighting
 * Level 11.4 Maces & Flails
 + Level 8.3 Dodging


You had 7 spell levels left.
You didn't know any spells.
Your spell library was empty.

Dungeon Overview and Level Annotations

Branches:
Dungeon (1/1)

Altars:
Cheibriados
Dithmenos
Elyvilon
Fedhas
Gozag
Hepliaklqana
Kikubaaqudgha
Makhleb
Nemelex Xobeh
Okawaru
Qazlal
Ru
Sif Muna
Trog
Uskayaw
Vehumet
Wu Jian
Xom
Yredelemnul
Zin
The Shining One
Jiyva
Lugonu


Innate Abilities, Weirdness & Mutations

You are too large for most types of armour.
You have tough skin. (AC +1)


Message History

The centaur warrior closely misses you.
Unknown command.
You feel much better.
The centaur warrior hits you but does no damage.
The centaur warrior barely misses you. The centaur warrior hits you.
* * * LOW HITPOINT WARNING * * *
The centaur warrior kicks you but does no damage.
Unknown command.
You fail to use your ability.
The centaur warrior hits you but does no damage.
The centaur warrior kicks you but does no damage.
The centaur warrior hits you.
* * * LOW HITPOINT WARNING * * *
The centaur warrior kicks you but does no damage.
Unknown command.
You puncture the centaur warrior!
Your weapon exudes an aura of protection.
The centaur warrior is lightly wounded.
The centaur warrior hits you.
* * * LOW HITPOINT WARNING * * *
The centaur warrior misses you.
The centaur warrior hits you but does no damage.
The centaur warrior barely misses you.
Okay, then.
Okay, then.
Blink to where?
Press: ? - help, Dir - move target
As you read the scroll of blinking, it crumbles to dust.
The centaur warrior wields a +0 orcbow.
The centaur warrior shoots an arrow.
The arrow closely misses you.
You close the door.
You fade into invisibility!
You feel the effects of Trog's Hand fading.
A centaur warrior breaks down the door.
You feel better.
The centaur warrior shoots an arrow.
The arrow hits you!!
* * * LOW HITPOINT WARNING * * *
The basilisk gazes at you.
The centaur warrior is moving more slowly.
The centaur warrior shoots an arrow.
The arrow hits you!!
You die...

▓.▓
▓?▓
▓)▓
▓.▓
▓.▓
▓[▓
▓)▓
▓)▓
▓@▓
▓'▓
▓c▓
▓.▓
▓l▓
▓T▓
▓.▓
▓.▓
▓)▓


You could see a centaur warrior (petrifying), a troll (unable to see you) and a
basilisk (unable to see you).

Vanquished Creatures
  A troll (D)
  A wraith (D)
  An orc warrior (D)
  A centaur (D)
  A scorpion (D)
  A hound (D)
  A sleepcap (D)
  An iguana (D)
  2 orc wizards (D)
  A dart slug (D)
  An orc (D)
  2 goblins (D)
  A ball python (D)
  A rat (D)
16 creatures vanquished.

Vanquished Creatures (others)
  An unseen horror (D)
1 creature vanquished.

Grand Total: 17 creatures vanquished

Notes
Turn   | Place    | Note
-------+----------+-------------------------------------------
     0 | D        | rocky1 the Ogre Berserker began the quest for the Orb.
     0 | D        | Reached XP level 1. HP: 24/24 MP: 1/1
    12 | D        | Reached ** piety under Trog
    21 | D        | Reached XP level 2. HP: 15/33 MP: 2/2
   294 | D        | Noticed a scorpion
   301 | D        | Reached skill level 5 in Fighting
   301 | D        | Reached XP level 3. HP: 44/44 MP: 3/3
   302 | D        | Reached *** piety under Trog
   305 | D        | Killed a scorpion
   306 | D        | Reached XP level 4. HP: 53/53 MP: 4/4
   311 | D        | Reached skill level 5 in Dodging
   311 | D        | Reached XP level 5. HP: 62/62 MP: 5/5
   765 | D        | Found a snail-covered altar of Cheibriados.
   765 | D        | Found a shadowy altar of Dithmenos.
   765 | D        | Found a white marble altar of Elyvilon.
   765 | D        | Found a blossoming altar of Fedhas.
   765 | D        | Found an opulent altar of Gozag.
   766 | D        | Found a hazy altar of Hepliaklqana.
   767 | D        | Found a viscous altar of Jiyva.
   768 | D        | Found an ancient bone altar of Kikubaaqudgha.
   769 | D        | Found a corrupted altar of Lugonu.
   770 | D        | Found a burning altar of Makhleb.
   771 | D        | Found a sparkling altar of Nemelex Xobeh.
   772 | D        | Found an iron altar of Okawaru.
   773 | D        | Found a stormy altar of Qazlal.
   774 | D        | Found a sacrificial altar of Ru.
   775 | D        | Found a shimmering blue altar of Sif Muna.
   776 | D        | Found a bloodstained altar of Trog.
   777 | D        | Found a hide-covered altar of Uskayaw.
   778 | D        | Found a radiant altar of Vehumet.
   779 | D        | Found an ornate altar of the Wu Jian Council.
   780 | D        | Found a shimmering altar of Xom.
   781 | D        | Found a basalt altar of Yredelemnul.
   782 | D        | Found a glowing silver altar of Zin.
   783 | D        | Found a glowing golden altar of the Shining One.
   817 | D        | Noticed a troll
   817 | D        | Noticed a wraith
   817 | D        | Noticed an orc warrior
   817 | D        | Noticed a centaur
   819 | D        | Reached **** piety under Trog
   826 | D        | Killed a troll
   827 | D        | Reached skill level 10 in Fighting
   827 | D        | Reached XP level 6. HP: 16/78 MP: 6/6
   827 | D        | Killed a wraith
   828 | D        | Reached skill level 10 in Maces & Flails
   828 | D        | Reached XP level 7. HP: 19/87 MP: 7/7
   829 | D        | Killed an unseen horror
   837 | D        | Reached ***** piety under Trog
  1611 | D        | Noticed a basilisk
  1611 | D        | Noticed a troll
  1611 | D        | Noticed a centaur warrior
  1611 | D        | Noticed a cyclops
  1615 | D        | Reached XP level 8. HP: 98/98 MP: 8/8
  1636 | D        | HP: 2/98 [centaur warrior (10)]
  1643 | D        | Shot with an arrow by a centaur warrior

Illustrated notes

Levels and vault maps discovered:
D:        linesprint [early_d, line_temple, items_1, d_10, items_2, lair_1,
          lair_end, items_3, orc_1, orc_end, items_4, d_15, swamp_1, shoals_1,
          snake_1, spider_1, d_20, vaults_1, items_5, swamp_end, shoals_end,
          snake_end, spider_end, vaults_end, d_27, items_6, zot_1, zot_end,
          crypt_end, forest_end, elf_end, slime_end, tomb_end, abyss_end,
          pan_hell_end]

Skill      XL: |  1  2  3  4  5  6  7 |
---------------+----------------------+-----
Maces & Flails | 3 4 6 9 10 11 | 11.4
Dodging        | 3 4 5 7 8 |  8.3
Fighting       | 5 6 7 10 11 | 11.8

Action                     |  1- 3 |  4- 6 |  7- 9 || total
---------------------------+-------+-------+-------++-------
  Melee: Mace              |    25 |    10 |       ||    35
         Morningstar       |       |       |     8 ||     8
 Invoke: Berserk           |     1 |       |     1 ||     2
         Trog's Hand       |       |       |     1 ||     1
         Brothers in Arms  |       |       |     1 ||     1
  Evoke: Wand              |       |     7 |     1 ||     8
    Use: Potion            |       |     1 |     5 ||     6
         Scroll            |       |     1 |     1 ||     2
 Armour: Animal skin       |    14 |    16 |    45 ||    75
  Dodge: Dodged            |     7 |     3 |    19 ||    29

Table legend: (Time is in decaauts)
 A = Elapsed time spent in this place.
 B = Non-inter-level travel time spent in this place.
 C = Inter-level travel time spent in this place.
 D = Time resting spent in this place.
 E = Time spent auto-exploring this place.
 F = Levels seen in this place.
 G = Mean time per level.
                   A        B        C        D        E       F      G
               +--------+--------+--------+--------+--------+-----+--------+
         Total |   1656 |   1656 |      0 |   1484 |      0 |   1 | 1656.0 |
       Dungeon |   1656 |   1656 |      0 |   1484 |      0 |   1 | 1656.0 |
               +--------+--------+--------+--------+--------+-----+--------+

Top non-repeatable levels by time:
       D: 1656 daAuts
